 Dungeon Crawl Stone Soup version 0.25-a0-665-ga69d64035b (webtiles) character file.

Game seed: 1557944062155174830, levelgen mode: deterministic

138 Zajic the Shield-Bearer (level 5, -4/52 HPs)
             Began as a Troll Fighter on Mar 26, 2020.
             Was an Initiate of the Shining One.
             Slain by an orc
             ... wielding a +2 short sword of electrocution
              (14 damage)
             ... on level 3 of the Dungeon.
             The game lasted 00:21:40 (2459 turns).

Zajic the Shield-Bearer (Troll Fighter)             Turns: 2459, Time: 00:21:40

Health: -4/52      AC:  7    Str: 25    XL:     5   Next: 1%
Magic:  4/4        EV:  8    Int:  4    God:    the Shining One [......]
Gold:   128        SH:  9    Dex:  9    Spells: 4/4 levels left

rFire    . . .     SeeInvis .   x - +0 rapier
rCold    . . .     Gourm    +   c - +0 kite shield
rNeg     . . .     Faith    .   b - +0 robe
rPois    .         Spirit   .   (helmet restricted)
rElec    .         Reflect  .   n - +0 cloak
rCorr    .         Harm     .   (gloves unavailable)
MR       .....                  (boots unavailable)
Stlth    +.........             (no amulet)
HPRegen  0.57/turn              (no ring)
MPRegen  0.09/turn              (no ring)

@: glowing
A: large, unfitting armour, claws 3, fast metabolism 3, gourmand, regeneration
1, shaggy fur 1, tough skin 3
a: Renounce Religion


You were on level 3 of the Dungeon.
You worshipped the Shining One.
The Shining One was noncommittal.
You were very full.

You visited 1 branch of the dungeon, and saw 3 of its levels.

You collected 128 gold pieces.

Inventory:

Hand Weapons
 a - a +0 trident
 e - a +0 dagger
 r - a +0 falchion
 u - a +1 hunting sling of freezing
 x - a +0 rapier (weapon)
Missiles
 j - 22 bolts
 p - 34 arrows
 v - 5 boomerangs (quivered)
Armour
 b - a +0 robe (worn)
 c - a +0 kite shield (worn)
 h - a +0 leather armour
 n - a +0 cloak (worn)
 w - a +0 ring mail
 y - a +0 pair of gloves
 A - a +0 cloak
Scrolls
 i - 2 scrolls of random uselessness {unknown}
 k - a scroll of magic mapping {unknown}
 o - 2 scrolls of teleportation {unknown}
 q - a scroll of identify {unknown}
 s - a scroll of remove curse {unknown}
Potions
 d - a potion of might
 g - a potion of flight {unknown}
 l - a potion of brilliance {unknown}
 m - 2 potions of curing {unknown}
 t - a potion of degeneration {unknown}
Comestibles
 f - 6 rations
 z - 2 chunks of flesh


   Skills:
 + Level 2.9 Fighting
 + Level 0.2 Short Blades
 + Level 2.8 Polearms
 + Level 3.0 Dodging
 + Level 0.1 Stealth
 + Level 3.1 Shields


You had 4 spell levels left.
You didn't know any spells.
Your spell library was empty.

Dungeon Overview and Level Annotations

Branches:
Dungeon (3/15)

Altars:
Kikubaaqudgha
Uskayaw
Yredelemnul
The Shining One


Innate Abilities, Weirdness & Mutations

You are too large for most types of armour.
You have claws for hands.
Your metabolism is lightning-fast.
You like to eat raw meat.
Your natural rate of healing is unusually fast.
You are covered in fur. (AC +1)
You have extremely tough skin. (AC +3)


Message History

The orc hits you with a +2 short sword of electrocution.
You are electrocuted!
The orc hits you with a +2 short sword of electrocution.
You are electrocuted!
* * * LOW HITPOINT WARNING * * *
Things that are here:
a +0 mace; an orc corpse You hit the orc.
The orc is heavily wounded.
The orc completely misses you.
You closely miss the orc.
The orc is heavily wounded.
The orc hits you but does no damage.
You completely miss the orc.
The orc is heavily wounded.
The orc barely misses you.
You barely miss the orc.
The orc is heavily wounded.
The orc hits you but does no damage.
You are electrocuted!
You die...

#>.......
#..#....##
#..#.....
#.......
#......
#...og #..#S#
###..#o####
#.....)@..#
#......####
#.........##
#............
#......###...
## #......#
.. .... #.
##.....# #
.... #.
##....# ....
#. #....# ..#
##


You could see an orc priest, an orc and a ball python.

Vanquished Creatures
  A jelly (D:3)
  4 adders
  2 oozes
  2 dart slugs
  3 leopard geckos
  3 orcs (D:3)
  3 bats
  A bat zombie (D:2)
  2 giant cockroaches (D:3)
  4 goblins
  4 hobgoblins
  5 jackals (D:2)
  A ball python (D:1)
  4 frilled lizards
  8 kobolds
  6 rats
  2 rat zombies (D:2)
55 creatures vanquished.

Notes
Turn   | Place    | Note
-------+----------+-------------------------------------------
     0 | D:1      | Zajic the Troll Fighter began the quest for the Orb.
     0 | D:1      | Reached XP level 1. HP: 22/22 MP: 0/0
    97 | D:1      | Reached XP level 2. HP: 28/29 MP: 1/1
  1030 | D:2      | Reached XP level 3. HP: 36/36 MP: 2/2
  1771 | D:2      | Found an ancient bone altar of Kikubaaqudgha.
  1923 | D:3      | Reached XP level 4. HP: 38/44 MP: 3/3
  2035 | D:3      | Found a hide-covered altar of Uskayaw.
  2337 | D:3      | Found a glowing golden altar of the Shining One.
  2339 | D:3      | Noticed an angel
  2350 | D:3      | Became a worshipper of the Shining One
  2362 | D:3      | Found a basalt altar of Yredelemnul.
  2364 | D:3      | Noticed a profane servitor
  2454 | D:3      | Reached XP level 5. HP: 43/52 MP: 4/4
  2459 | D:3      | Slain by an orc

Levels and vault maps discovered:
D:1:      co_arrival_random_square_maze, layout_basic
D:2:      layout_basic, lemuel_zombie_altar_kikubaaqudgha
D:3:      layout_basic, grunt_temple_overflow_holy_war, lemuel_doored_altar,
          serial_curves, eino_curves_03, eino_curves_02, grunt_decor_one_mirror

Skill      XL: |  1  2  3  4 |
---------------+-------------+-----
Polearms       | 2 |  2.8
Shields        | 3 |  3.1
Dodging        | 3 |  3.0
Fighting       | |  2.9
Short Blades   | |  0.2
Stealth        | |  0.1

Action                   |  1- 3 |  4- 6 || total
-------------------------+-------+-------++-------
Melee: Trident           |   157 |    17 ||   174
       Rapier            |       |    67 ||    67
 Stab: Sleeping          |     1 |       ||     1
  Eat: Chunk             |    21 |     7 ||    28
Armor: Robe              |    57 |    22 ||    79
Dodge: Dodged            |    49 |    33 ||    82
Block: Kite shield       |    64 |    50 ||   114

Table legend:
 A = Non-vault XP
 B = Vault XP
 C = Vault XP percentage of total XP
 D = Non-vault monster count
 E = Vault monster count
 F = Vault count percentage of total count
                 A         B        C        D         E       F
            +---------+---------+-------+---------+---------+-------
      Total |     194 |       4 |   2.0 |      52 |       3 |   5.5
            +---------+---------+-------+---------+---------+-------
        D:1 |      23 |       0 |   0.0 |      14 |       0 |   0.0
        D:2 |      65 |       4 |   5.8 |      21 |       3 |  12.5
        D:3 |     106 |       0 |   0.0 |      17 |       0 |   0.0
            +---------+---------+-------+---------+---------+-------
